 Dungeon Crawl Stone Soup version 0.30-a0-476-g330ca2eb8e (webtiles) character file.

Game seed: 14291046926506198392

42 kae the Firebug (level 3, -1/19 HPs)
             Began as a Tengu Fire Elementalist on Dec 21, 2022.
             Slain by an orc
             ... wielding a +0 dagger
              (2 damage)
             ... on level 2 of the Dungeon.
             The game lasted 00:00:52 (1921 turns).

kae the Firebug (Tengu Fire Elementalist)           Turns: 1921, Time: 00:00:53

Health: -1/19      AC:  2    Str:  8    XL:     3   Next: 56%
Magic:  3/7        EV: 12    Int: 17    God:
Gold:   116        SH:  0    Dex: 14    Spells: 0/6 levels left

rFire   . . .      SeeInvis .    c - +0 trident
rCold   . . .      Faith    .    (no shield)
rNeg    . . .      Spirit   .    a - +0 robe
rPois   .          Reflect  .    (helmet restricted)
rElec   .          Harm     .    (no cloak)
rCorr   .          Rampage  .    (no gloves)
Will    .....                    (boots unavailable)
Stlth   ++........               p - amulet of magic regeneration
HPRegen 0.23/turn                (no ring)
MPRegen 0.50/turn                (no ring)

@: no status effects
A: beak, talons 3
a: no special abilities


You were on level 2 of the Dungeon.
You visited 1 branch of the dungeon, and saw 3 of its levels.

You collected 116 gold pieces.


Innate Abilities, Weirdness & Mutations

You have a beak for a mouth.
You have claws for feet.


   Skills:
 - Level 2.1 Dodging
 - Level 2.0 Stealth
 + Level 2.3 Spellcasting
 * Level 3.0 Conjurations
 * Level 4.0 Fire Magic


You couldn't memorise any spells.
You knew the following spells:

 Your Spells              Type           Power      Damage    Failure   Level
a - Foxfire               Conj/Fire      56%        2x1d6     4%          1
b - Scorch                Fire           30%        2d6       5%          2
c - Inner Flame           Hex/Fire       8%         N/A       24%         3

Your spell library contained the following spells:

 Spells                   Type           Power      Damage    Failure   Level
 Momentum Strike          Conj/Tloc      14%        3d8       16%         2
 Blink                    Tloc           2%         N/A       28%         2
 Kindle Blastsparks       Fire/Tloc/Air  12%        2d11      32%         3
 Flame Wave               Conj/Fire      14%        2d6       41%         4
 Call Canine Familiar     Summ           1%         N/A       50%         3
 Lesser Beckoning         Tloc           2%         N/A       50%         3
 Portal Projectile        Hex/Tloc       2%         N/A       50%         3
 Leda's Liquefaction      Hex/Erth       0%         N/A       88%         4

Inventory:

Hand Weapons
 c - a +0 trident (weapon)
   (You found it on level 1 of the Dungeon)
Missiles
 f - 16 stones
 i - 4 poisoned darts
Armour
 a - a +0 robe (worn)
Jewellery
 p - an amulet of magic regeneration (around neck)
   (You found it on level 2 of the Dungeon)
Scrolls
 e - 3 scrolls of identify {unknown}
 l - a scroll of acquirement {unknown}
 m - a scroll of enchant armour {unknown}
 o - a scroll of magic mapping {unknown}
Potions
 b - a potion of magic
 d - a potion of berserk rage {unknown}
 g - a potion of mutation {unknown}
 h - a potion of curing {unknown}
 j - a potion of degeneration {unknown}
 k - a potion of haste {unknown}
 n - a potion of heal wounds {unknown}
 q - a potion of brilliance {unknown}

Dungeon Overview and Level Annotations

Branches:
Dungeon (3/15) Zot: 16067

Altars:

......# #.# #.........# ###.###
#.# #####.##### #.# #.# #.# ##'##
#.# #.# ##...## #.## ##.##
#.....## ####..# #>..# .......##
##.###)# #...## #
........####...##.#######....####
........'.....oo@...............'
........####...##.########...####
.......## ##.###.#### #..## #
#.....## ####.....# #..# ##[..##
#..##.# ##.# ### ###'#######
#..##.# #.# #.. ..........#
#..##.# #.# #.# #.#.#####.#
#.###.# #.# #.# #.#.#####.#
#.###.# ####.###.#


You could see 2 orcs.


Message History

You open the door.
Found a stone staircase leading down.
There is an open door here.
There is a stone staircase leading down here.
You pick up a book of Spatial Translocations and begin reading...
You add the spells Blink, Momentum Strike and Lesser Beckoning to your library.
You open the door.
There is an open door here.
Found a stone staircase leading up.
There is a stone staircase leading up here.
There is a stone staircase leading up here.
Done exploring.
Done exploring.
Done exploring.
Done exploring.
Done exploring.
(D) Dungeon
Where to? (Enter - D:2, ? - help)
There is an open door here.
You open the door.
There is an open door here.
There is a stone staircase leading down here.
You climb downwards.
There is a stone staircase leading up here.
There are monsters nearby!
Okay, then.
Casting: Scorch (safe; 5% risk of failure)
Confirm with . or Enter, or press ? or * to list all spells.
You conjure some foxfire!
The orc shouts! x2; You hear a shout!
The foxfire hits the endoplasm. x2
You kill the endoplasm!
Casting: Foxfire (safe; 4% risk of failure)
Confirm with . or Enter, or press ? or * to list all spells.
You conjure some foxfire!
An orc comes into view. It is wielding a +0 club.
An orc comes into view. It is wielding a +0 flail.
The foxfire hits the orc but does no damage. x2
Casting: Foxfire (safe; 4% risk of failure)
Confirm with . or Enter, or press ? or * to list all spells.
You miscast Foxfire.
You are very lightly contaminated with residual magic.
Nothing appears to happen. 😎 MP[-1]
You lost 1 mp, and now have 6/7 mp.
Casting: Foxfire (safe; 4% risk of failure)
Confirm with . or Enter, or press ? or * to list all spells.
You conjure some foxfire!
The foxfire hits the orc but does no damage.
The foxfire hits the orc but does no damage.
The orc hits you with a +0 dagger.
You climb upwards.
There is a stone staircase leading down here. 😕 HP[-3] MP[+1]
You take 3 damage, and now have 16/19 hp.
Your mp is fully restored (7).
Casting: Foxfire (safe; 4% risk of failure)
Confirm with . or Enter, or press ? or * to list all spells.
Flames lash the orc.
The orc's fire resistance burns away.
The orc closely misses you. The orc barely misses you.
The orc hits you with a +0 dagger. The orc closely misses you.
Your magical contamination has completely faded away. 😕 MP[-1]
You lost 1 mp, and now have 6/7 mp.
Casting: Scorch (safe; 5% risk of failure)
Confirm with . or Enter, or press ? or * to list all spells.
Flames lash the orc.
The orc's fire resistance burns away.
The orc hits you with a +0 dagger. The orc hits you with a +0 club.
The orc is no longer more vulnerable to fire.
The orc barely misses you. The orc hits you with a +0 club.
* * * LOW HITPOINT WARNING * * *
😨 HP[-8] MP[-1]
You take 8 damage, and now have 8/19 hp.
MASSIVE DAMAGE!! (PAUSE)
You lost 1 mp, and now have 5/7 mp.
Casting: Scorch (safe; 5% risk of failure)
Confirm with . or Enter, or press ? or * to list all spells.
Flames lash the orc.
The orc's fire resistance burns away.
The orc hits you but does no damage. The orc hits you with a +0 club.
* * * LOW HITPOINT WARNING * * *
The orc is no longer more vulnerable to fire.
The orc misses you.
The orc barely misses you. 😱 HP[-4] MP[-1]
You take 4 damage, and now have 4/19 hp.
MASSIVE DAMAGE!! (PAUSE)
You lost 1 mp, and now have 4/7 mp.
The orc attacks as you move away! The orc closely misses you.
The orc hits you with a +0 dagger.
* * * LOW HITPOINT WARNING * * *
😱 HP[-3]
You take 3 damage, and now have 1/19 hp.
The orc attacks as you move away! The orc barely misses you.
The orc is no longer more vulnerable to fire. 😱 MP[+1]
Okay, then.
Casting: Scorch (safe; 5% risk of failure)
Confirm with . or Enter, or press ? or * to list all spells.
Flames lash the orc.
The orc's fire resistance burns away.
The orc hits you with a +0 dagger.
You die...

Skill      XL: |  1  2  3 |
---------------+----------+-----
Conjurations   | 2 3 |  3.0
Fire Magic     | 4 |  4.0
Dodging        | |  2.1
Stealth        | |  2.0
Spellcasting   | |  2.3

Action                   || total
-------------------------++-------
Melee: Trident           ||    37
       Kick              ||    17
       Peck              ||     9
 Cast: Foxfire           ||    57
       Scorch            ||     7
Armor: Robe              ||     8
Dodge: Dodged            ||    21

Levels and vault maps discovered:
D:1:      minmay_arrival_solitary_statue, layout_basic,
          shapermc_ecumenical_altar_flowoftime
D:2:      layout_loops_corners, minmay_quadrilaterals
D:3:      layout_rooms, lightli_temple_of_fire, amethyst_overflow_temple_binary

Notes
Turn   | Place    | Note
-------+----------+-------------------------------------------
     0 | D:1      | kae the Tengu Fire Elementalist began the quest for the
                  | Orb.
     0 | D:1      | Reached XP level 1. HP: 10/10 MP: 4/4
     0 | D:1      | magus.rc [v1.11.3]
   296 | D:1      | Reached skill level 2 in Conjurations
   296 | D:1      | Reached XP level 2. HP: 15/15 MP: 1/6
   348 | D:1      | Learned a level 2 spell: Scorch
   753 | D:1      | Found a faded altar of an unknown god.
  1285 | D:2      | Reached XP level 3. HP: 18/19 MP: 3/7
  1289 | D:2      | Learned a level 3 spell: Inner Flame
  1356 | D:2      | You pick up a book of the Hunter and begin reading...
  1356 | D:2      | You add the spells Call Canine Familiar, Portal Projectile
                  | and Leda's Liquefaction to your library.
  1413 | D:2      | Reached skill level 4 in Fire Magic
  1551 | D:2      | Reached skill level 3 in Conjurations
  1743 | D:2      | You pick up a book of Spatial Translocations and begin
                  | reading...
  1743 | D:2      | You add the spells Blink, Momentum Strike and Lesser
                  | Beckoning to your library.
  1917 | D:2      | HP: 4/19 [orc/+0 club (4)]
  1919 | D:2      | HP: 1/19 [orc/+0 dagger (4)]
  1921 | D:2      | Slain by an orc

Vanquished Creatures
  An adder (D:2)
  A worm (D:2)
  2 dart slugs
  3 endoplasms
  3 giant cockroaches
  A goblin (D:2)
  3 hobgoblins
  2 quokkas
  A ball python (D:1)
  4 bats (D:1)
  3 frilled lizards
  2 kobolds
26 creatures vanquished.

Vanquished Creatures (others)
  98 foxfires
  6 plants (D:1)
  2 withered plants (D:1)
106 creatures vanquished.

Grand Total: 132 creatures vanquished

Table legend:
 A = Non-vault XP
 B = Vault XP
 C = Vault XP percentage of total XP
 D = Non-vault monster count
 E = Vault monster count
 F = Vault count percentage of total count
                 A         B        C        D         E       F
            +---------+---------+-------+---------+---------+-------
      Total |      48 |      13 |  21.3 |      20 |       6 |  23.1
            +---------+---------+-------+---------+---------+-------
        D:1 |      22 |       0 |   0.0 |      13 |       0 |   0.0
        D:2 |      24 |      13 |  35.1 |       6 |       6 |  50.0
        D:3 |       2 |       0 |   0.0 |       1 |       0 |   0.0
            +---------+---------+-------+---------+---------+-------

Illustrated notes

Table legend:
 A = Kills in this place as a percentage of kills in entire the game.
 B = Kills by you in this place as a percentage of kills by you in the entire game.
 C = Kills by friends in this place as a percentage of kills by friends in the entire game.
 D = Other kills in this place as a percentage of other kills in the entire game.
 E = Experience gained in this place as a percentage of experience gained in the entire game.
 F = Experience gained in this place divided by the number of levels of this place that you have seen.
                   A       B       C       D       E      F
               +-------+-------+-------+-------+-------+----------------------
         Total | 100.0 | 100.0 |   N/A |   N/A | 100.0 |  20.3
       Dungeon | 100.0 | 100.0 |   N/A |   N/A | 100.0 |  20.3
               +-------+-------+-------+-------+-------+----------------------

Table legend: (Time is in decaauts)
 A = Elapsed time spent in this place.
 B = Non-inter-level travel time spent in this place.
 C = Inter-level travel time spent in this place.
 D = Time resting spent in this place.
 E = Time spent auto-exploring this place.
 F = Levels seen in this place.
 G = Mean time per level.
                   A        B        C        D        E       F      G
               +--------+--------+--------+--------+--------+-----+--------+
         Total |   1931 |   1890 |     41 |      0 |   1618 |   3 |  643.7 |
       Dungeon |   1931 |   1890 |     41 |      0 |   1618 |   3 |  643.7 |
               +--------+--------+--------+--------+--------+-----+--------+

Top non-repeatable levels by time:
     D:2: 990 daAuts
     D:1: 932 daAuts
     D:3: 8 daAuts
